Map: Void Thrashing

Players

monk

  • Race: Terran Terran
  • Spawn Location: 6:00

sTkmonk

  • Race: Terran Terran
  • Spawn Location: 9:00

VOD

Have the link to the VOD?

Description

Time

  • Played on: July 24, 2017, 5:01 p.m.
  • Length: 17:01
Show
View Real Time Build Order
Export as new Build Order

monk Terran 

Build Orders:  

Get SALT Encoding   

  12  0:03  SCV  
  13  0:20  SCV  
  13  0:26  Refinery  
  14  0:37  SCV  
  15  0:49  Refinery  
  15  0:53  SCV  
  16  1:10  SCV  
  17  1:27  SCV  
  18  1:45  Command Center  
  18  1:50  SCV  
  19  2:07  SCV  
  20  2:13  Barracks  
  20  2:23  SCV  
  21  2:40  SCV  
  22  2:57  SCV  
  23  3:19  Elite Marine  
  27  3:31  Factory  
  27  3:37  SCV  
  27  3:38  SCV  
  29  3:50  Refinery  
  29  3:54  SCV  
  29  3:55  SCV  
  31  4:11  SCV  
  31  4:14  Refinery  
  31  4:16  SCV  
  33  4:28  Barracks Tech Lab, SCV  
  34  4:42  Factory Tech Lab, Starport  
  34  4:48  SCV  
  35  4:58  Laser Targeting System  
  35  5:04  SCV  
  33  5:20  SCV  
  36  5:24  Engineering Bay  
  36  5:27  Armory  
  37  5:34  Starport Tech Lab  
  37  5:42  SCV x2  
  39  6:09  Terran Infantry Weapons Level 1  
  39  6:12  Raid Artillery  
  39  6:23  SCV  
  40  6:30  Raid Liberator  
  46  6:42  Covert Triage  
  46  6:54  Hellbat Rangers  
  50  7:12  Raven Type-II  
  50  7:13  Terran Vehicle and Ship Weapons Level 1  
  52  7:36  Smart Servos  
  52  7:57  Railgun Turret  
  52  8:05  Defensive Drone  
  52  8:16  Super Stimpack  
  52  8:20  Enhanced Manufacturing  
  52  8:45  Elite Marine  
  52  8:46  Hellbat Rangers  
  60  8:56  Railgun Turret  
  60  8:59  Terran Infantry Weapons Level 2  
  60  9:01  Suppression Shells  
  60  9:05  Ares-Class Targeting System  
  60  9:26  Strike Goliath  
  66  9:31  Suppression Shells  
  66  9:35  Lockdown Missiles  
  66  9:38  Railgun Turret x2  
  66  10:01  Terran Vehicle and Ship Weapons Level 2  
  65  10:23  Tactical Airlift  
  67  10:36  Strike Goliath  
  71  10:46  Defensive Drone  
  71  11:18  Raven Type-II  
  72  11:21  Defensive Drone  
  72  13:09  Tactical Airlift  
  74  13:17  Raid Liberator  
  78  13:40  Elite Marine  
  78  13:41  Hellbat Rangers  
  86  13:50  Defensive Drone  
  86  13:52  Instant Regeneration  
  85  14:01  Defensive Drone  
  84  14:24  Defensive Drone  
  84  14:25  Defensive Drone  
  84  14:32  Railgun Turret x2  
  84  14:37  Strike Goliath  
  90  14:45  Railgun Turret x3  
  90  14:48  Defensive Drone  
  90  14:50  Railgun Turret  
  90  14:58  Griffin Airstrike  
  90  15:09  Defensive Drone  
  90  15:19  Hellbat Rangers x2  
Show
View Real Time Build Order
Export as new Build Order

sTkmonk Terran 

Build Orders:  

Get SALT Encoding   

Tags
 
Add a new tag
Caveats
  • Supply blocks, unpowered buildings, or Contaminate may cause inaccurate times.
  • Supply counts are checked every 10 seconds.